 Dungeon Crawl Stone Soup version 0.21.1-1-g345015f (webtiles) character file.

245 kae the Insei (level 5, 0/39 HPs)
             Began as a Demonspawn Transmuter on May 23, 2018.
             Succumbed to a kobold's poison
             ... on level 3 of the Dungeon.
             The game lasted 00:02:26 (3084 turns).

kae the Insei (Demonspawn Transmuter)               Turns: 3084, Time: 00:02:26

Health: 0/39       AC:  4    Str:  7 (10) XL:     5   Next: 83%
Magic:  9/9        EV: 11    Int: 14 (15) God:
Gold:   77         SH:  0    Dex: 11 (14) Spells: 3/9 levels left

rFire    . . .     SeeInvis .     - Unarmed
rCold    . . .     Gourm    .   (no shield)
rNeg     . . .     Faith    .   b - +0 robe
rPois    .         Spirit   .   (no helmet)
rElec    .         Reflect  .   (no cloak)
rCorr    .         Harm     .   (no gloves)
MR       +....                  (no boots)
Stlth    +.........             (no amulet)
HPRegen  0.13/turn              e - ring of protection from magic
MPRegen  0.11/turn              (no ring)

@: lethally poisoned (0 -> -14), heavily drained
A: icy blue scales 1, rot immunity
a: no special abilities


You were on level 3 of the Dungeon.
You were very hungry.

You visited 1 branch of the dungeon, and saw 3 of its levels.

You collected 77 gold pieces.

Inventory:

Missiles
 a - 38 arrows
Armour
 b - a +0 robe (worn)
Jewellery
 e - a ring of protection from magic (left hand)
 m - an uncursed amulet of harm
Scrolls
 i - a scroll of teleportation {unknown}
 j - 3 scrolls of identify {unknown}
 n - 2 scrolls of magic mapping {unknown}
 o - a scroll of fog {unknown}
Books
 c - a book of Changes

   Spells                             Type                      Level
   a - Beastly Appendage              Transmutation                1
   b - Sticks to Snakes               Transmutation                2
   c - Spider Form                    Transmutation/Poison         3
   d - Ice Form                       Ice/Transmutation            4
   e - Blade Hands                    Transmutation                5
Comestibles
 d - 6 rations


   Skills:
 + Level 2.5(1.1) Fighting
 - Level 1.7(0.3) Dodging
 * Level 4.0(2.6) Unarmed Combat
 + Level 2.9(1.5) Spellcasting
 * Level 3.4(2.0) Transmutations


You had 3 spell levels left.
You knew the following spells:

 Your Spells              Type           Power        Failure   Level  Hunger
a - Beastly Appendage     Tmut           #.....       11%         1    ##.....
b - Sticks to Snakes      Tmut           #.......     17%         2    ###....
c - Spider Form           Tmut/Pois      #.........   45%         3    ####...


Dungeon Overview and Level Annotations

Branches:
Dungeon (3/15)

Altars:
Kikubaaqudgha


Innate Abilities, Weirdness & Mutations

You are partially covered in icy blue scales. (AC +2)
You are immune to rotting.


Message History

There is a lethal amount of poison in your body!
There is a lethal amount of poison in your body!
There is a lethal amount of poison in your body!
* * * LOW HITPOINT WARNING * * *
You feel sick.
* * * LOW HITPOINT WARNING * * *
You feel sick.
Okay, then.
As you read the scroll labeled TIYTINT TYKI, it crumbles to dust.
You hear a loud clanging noise!
It was a scroll of noise.
* * * LOW HITPOINT WARNING * * *
You feel sick.
You hear a shout!
You hear an angry hiss.
You hear a shout!
Unknown command.
As you read the scroll labeled BOS QEIR HOP, it crumbles to dust.
It is a scroll of enchant weapon.
You aren't carrying any weapons that can be enchanted.
You are feeling very hungry.
You die...

#.# #.# ..
######.#♣.♣
.......♣.♣
...#.#♣.♣
##....♣.♣
#.?).#♣.♣
#@#♣.♣
#(((.##
......†♣(♣..#
.######..##.#
#♣.♣#.#
..##.#
#♣.♣#.#
#..##.#
#♣.♣#.#


There were no monsters in sight!

Vanquished Creatures
  3 vampire bats (D:2)
  A crimson imp (D:2)
  Natasha (D:3)
  2 adders (D:2)
  An ooze (D:1)
  A worm (D:2)
  2 dart slugs
  A leopard gecko (D:1)
  9 bats
  2 bat skeletons (D:2)
  5 giant cockroaches
  5 goblins
  2 hobgoblins
  3 jackals (D:1)
  A ball python (D:2)
  3 frilled lizards
  7 kobolds
  6 rats
55 creatures vanquished.

Vanquished Creatures (collateral kills)
  2 bat skeletons (D:2)
  A bat zombie (D:2)
3 creatures vanquished.

Grand Total: 58 creatures vanquished

Notes
Turn   | Place    | Note
-------+----------+-------------------------------------------
     0 | D:1      | kae the Demonspawn Transmuter began the quest for the Orb.
     0 | D:1      | Reached XP level 1. HP: 15/15 MP: 3/3
   558 | D:1      | Gained mutation: You are partially covered in icy blue scales. (AC +2) [demonic ancestry]
   558 | D:1      | Reached XP level 2. HP: 17/21 MP: 3/5
   871 | D:1      | Reached skill level 3 in Unarmed Combat
  1093 | D:1      | Reached XP level 3. HP: 21/26 MP: 4/6
  1669 | D:2      | Learned a level 2 spell: Sticks to Snakes
  1673 | D:2      | Learned a level 3 spell: Spider Form
  1744 | D:2      | Gained mutation: You are immune to rotting. [demonic ancestry]
  1744 | D:2      | Reached XP level 4. HP: 28/33 MP: 4/7
  1836 | D:2      | Found an ancient bone altar of Kikubaaqudgha.
  1979 | D:2      | Reached XP level 5. HP: 37/38 MP: 5/8
  2594 | D:2      | Reached skill level 4 in Unarmed Combat
  3065 | D:3      | Noticed Natasha
  3072 | D:3      | Killed Natasha
  3083 | D:3      | HP: 1/39 [poisoned by a kobold]
  3084 | D:3      | Succumbed to a kobold's poison

Skill      XL: |  1  2  3  4  5 |
---------------+----------------+-----
Transmutations | 2 3 |  3.4
Unarmed Combat | 3 4 |  4.0
Fighting       | 2 |  2.5
Dodging        | |  1.7
Spellcasting   | |  2.9

Action                   |  1- 3 |  4- 6 || total
-------------------------+-------+-------++-------
Melee: Unarmed           |   138 |   149 ||   287
       Headbutt          |     6 |     4 ||    10
       Punch             |     4 |     1 ||     5
       Kick              |     6 |     4 ||    10
 Cast: Beastly Appendage |    17 |     4 ||    21
       Sticks to Snakes  |     2 |     5 ||     7
  Use: Potion            |       |     3 ||     3
       Scroll            |       |     2 ||     2
 Stab: Distracted        |     1 |       ||     1
       Sleeping          |       |     1 ||     1
  Eat: Chunk             |     2 |     5 ||     7
Armor: Robe              |    39 |   100 ||   139
Dodge: Dodged            |    74 |   147 ||   221
